Map: [ESL] Data-C

Players

Hellraiser

  • Race: Protoss Protoss
  • Spawn Location: 3:00

AqueroN - Winner!

  • Race: Terran Terran
  • Spawn Location: 9:00

Event: DreamHack SC2 Masters 2022 Atlanta (Online)

VOD

Have the link to the VOD?

Description

Time

  • Played on: Oct. 4, 2022, 1 p.m.
  • Length: 14:58

All games in this series

Show
View Real Time Build Order
Export as new Build Order

Hellraiser Protoss 

Build Orders: 1 Gate Expand, Colossus Rush 

Get SALT Encoding   

  12  0:00  Probe  
  13  0:12  Probe  
  14  0:17  Pylon  
  14  0:24  Probe (Chrono Boost)  
  15  0:37  Probe (Chrono Boost)  
  15  0:38  Gateway  
  16  0:43  Probe (Chrono Boost)  
  16  0:46  Assimilator  
  17  0:51  Probe  
  18  1:04  Probe  
  19  1:16  Probe  
  20  1:25  Cybernetics Core  
  22  1:37  Nexus  
  20  1:40  Pylon  
  20  1:44  Probe  
  21  1:51  Assimilator  
  21  1:57  Probe  
  21  1:58  Stalker (Chrono Boost)  
  24  2:02  Warp Gate  
  24  2:09  Probe (Chrono Boost)  
  25  2:20  Adept  
  25  2:21  Probe (Chrono Boost)  
  27  2:29  Robotics Facility  
  27  2:30  Probe (Chrono Boost)  
  28  2:38  Probe  
  29  2:45  Shield Battery  
  29  2:50  Probe x2  
  31  2:55  Adept  
  33  3:02  Probe x2  
  35  3:10  Gateway  
  35  3:18  Observer (Chrono Boost)  
  35  3:19  Probe (Chrono Boost)  
  38  3:20  Probe (Chrono Boost)  
  38  3:21  Forge  
  38  3:29  Probe (Chrono Boost)  
  38  3:31  Probe (Chrono Boost)  
  38  3:32  Observer (Chrono Boost)  
  38  3:33  Probe (Chrono Boost)  
  41  3:37  Pylon  
  41  3:40  Probe  
  43  3:45  Probe  
  44  3:49  Assimilator  
  44  3:51  Pylon  
  44  3:52  Probe  
  45  3:57  Robotics Bay, Probe  
  45  4:01  Stalker  
  48  4:04  Probe  
  48  4:06  Stalker  
  48  4:09  Probe  
  52  4:18  Probe  
  52  4:23  Protoss Ground Weapons Level 1, Probe  
  54  4:25  Pylon  
  54  4:26  Assimilator  
  54  4:30  Probe  
  55  4:33  Adept  
  55  4:35  Probe  
  58  4:41  Colossus (Chrono Boost)  
  58  4:44  Pylon  
  64  4:52  Probe x2  
  66  4:54  Extended Thermal Lance  
  66  4:56  Gateway  
  66  5:01  Gateway  
  66  5:07  Twilight Council  
  65  5:21  Gateway  
  65  5:23  Warp Prism (Chrono Boost)  
  65  5:26  Gateway  
  65  5:27  Sentry  
  69  5:32  Pylon  
  69  5:40  Shield Battery  
  64  5:50  Observer (Chrono Boost), Probe (Chrono Boost)  
  64  5:52  Stalker  
  64  5:53  Stalker x2  
  64  5:54  Probe (Chrono Boost)  
  67  6:02  Charge, Probe (Chrono Boost)  
  68  6:06  Probe (Chrono Boost)  
  68  6:10  Probe (Chrono Boost)  
  70  6:11  Probe (Chrono Boost)  
  70  6:16  Colossus (Chrono Boost), Probe  
  72  6:22  Probe  
  79  6:28  Probe  
  80  6:33  Photon Cannon  
  80  6:34  Probe  
  81  6:40  Protoss Ground Armor Level 1 (Chrono Boost)  
  81  6:41  Probe  
  82  6:48  Pylon  
  82  6:54  Nexus  
  82  7:03  Colossus (Chrono Boost)  
  82  7:05  Probe x2  
  90  7:09  Pylon  
  90  7:17  Probe x2  
  92  7:26  Sentry  
  92  7:28  Pylon  
  92  7:29  Probe  
  95  7:31  Shield Battery, Probe  
  95  7:35  Zealot x3  
  102  7:42  Templar Archives  
  102  7:43  Gateway  
  102  7:49  Blink (Chrono Boost)  
  102  7:52  Zealot x2  
  102  7:58  Zealot x2  
  110  8:10  Probe x2  
  112  8:13  Probe  
  113  8:21  Zealot x4, High Templar x2  
  113  8:22  Observer  
  113  8:24  Pylon  
  113  8:25  Archon  
  113  8:26  Pylon  
  125  8:28  Protoss Ground Weapons Level 2 (Chrono Boost)  
  125  8:33  Probe  
  124  8:41  Probe, Assimilator x2  
  124  8:42  Probe  
  124  8:43  Pylon  
  124  8:45  Probe  
  124  8:46  Stalker  
  124  8:47  Stalker  
  131  8:53  Probe  
  131  8:54  Probe  
  134  8:56  Dark Shrine, Observer (Chrono Boost)  
  134  9:02  Zealot x3  
  140  9:05  Pylon  
  140  9:11  Stalker x2  
  140  9:16  Warp Prism (Chrono Boost)  
  146  9:28  Nexus  
  146  9:32  Pylon  
  146  9:42  High Templar x2  
  146  9:44  High Templar x2  
  146  9:45  Disruptor  
  157  9:46  Archon  
  157  9:48  Archon, Pylon  
  157  9:50  Pylon  
  155  9:55  Shield Battery  
  154  10:10  Stalker x3  
  160  10:17  Probe, Pylon x2  
  162  10:21  Observer (Chrono Boost)  
  162  10:31  Photon Cannon  
  162  10:39  Disruptor (Chrono Boost)  
  162  10:41  Photon Cannon  
  165  10:49  Protoss Ground Weapons Level 3 (Chrono Boost), Probe x4  
  167  10:54  Photon Cannon  
  167  11:01  Probe x2  
  167  11:02  Disruptor (Chrono Boost)  
  169  11:08  Probe x2  
  174  11:12  Robotics Facility  
  172  11:20  Zealot  
  172  11:22  Nexus  
  172  11:23  Disruptor  
  174  11:30  Forge  
  168  11:35  Zealot x6  
  175  11:57  Disruptor (Chrono Boost)  
  160  12:05  Disruptor (Chrono Boost)  
  160  12:06  Zealot x7  
  141  12:14  Probe  
  141  12:15  Probe  
  136  12:17  Probe  
  136  12:21  Protoss Ground Armor Level 2 (Chrono Boost)  
  136  12:22  Shadow Stride (Chrono Boost)  
  135  12:27  Assimilator  
  135  12:28  Zealot  
  135  12:29  Disruptor (Chrono Boost)  
  140  12:32  Assimilator  
  140  12:35  Disruptor (Chrono Boost)  
  143  12:37  Observer, Stalker x4  
  143  12:38  Stalker x2  
  155  12:55  Zealot  
  157  13:00  Nexus  
  157  13:08  Disruptor  
  154  13:17  Zealot  
  154  13:18  Zealot x6  
  125  13:29  Probe  
  106  13:34  Disruptor (Chrono Boost)  
  106  13:39  Zealot x6  
  106  13:40  Stalker  
  107  13:46  Probe  
  101  13:51  Disruptor (Chrono Boost)  
  101  13:59  Gateway  
  101  14:00  Stalker x5  
  101  14:01  Stalker  
  113  14:02  Stalker  
  113  14:06  Disruptor (Chrono Boost)  
  118  14:11  Probe x3  
  118  14:12  Probe, Pylon  
  122  14:21  Disruptor (Chrono Boost)  
  122  14:23  Stalker x3  
  122  14:24  Stalker x2  
  135  14:25  Zealot  
  135  14:26  Zealot  
Show
View Real Time Build Order
Export as new Build Order

AqueroN Terran - Winner!

Build Orders:  

Get SALT Encoding   

  12  0:00  SCV  
  13  0:12  SCV  
  14  0:17  Supply Depot  
  14  0:24  SCV  
  15  0:38  SCV  
  15  0:39  Barracks  
  16  0:43  Refinery  
  16  0:50  SCV  
  16  0:53  Refinery  
  17  1:02  SCV  
  18  1:06  Supply Depot  
  18  1:15  SCV  
  19  1:26  Reaper  
  19  1:28  Orbital Command  
  20  1:44  Factory  
  20  1:55  SCV  
  20  1:59  Reaper  
  22  2:07  SCV  
  23  2:17  Command Center  
  23  2:20  SCV  
  24  2:29  Hellion  
  26  2:32  SCV  
  27  2:37  Barracks Reactor, Supply Depot  
  27  2:46  Starport  
  27  2:48  SCV  
  28  2:57  Factory Tech Lab  
  28  3:00  SCV  
  30  3:12  SCV  
  30  3:17  Marine x2  
  32  3:24  SCV  
  33  3:29  Banshee  
  33  3:30  Orbital Command  
  36  3:34  Factory Tech Lab, Marine x2  
  36  3:37  SCV  
  36  3:39  Bunker  
  39  3:49  SCV  
  39  3:51  Supply Depot  
  39  3:52  Marine x2  
  42  3:55  Siege Tank  
  42  3:57  SCV  
  46  4:03  SCV  
  46  4:09  SCV  
  48  4:10  Marine x2  
  48  4:12  Banshee  
  48  4:15  SCV  
  54  4:21  SCV  
  55  4:27  Supply Depot  
  55  4:28  Siege Tank  
  58  4:32  Marine x2  
  58  4:33  SCV  
  58  4:35  SCV  
  62  4:41  Supply Depot  
  62  4:48  SCV  
  62  4:49  Refinery, Barracks  
  62  4:50  SCV  
  62  4:52  Marine x2  
  68  5:01  SCV, Viking  
  68  5:02  SCV  
  68  5:05  Siege Tank  
  70  5:10  Supply Depot  
  70  5:13  SCV, Marine x2  
  72  5:20  Barracks  
  72  5:23  Engineering Bay  
  72  5:25  SCV x2  
  74  5:35  Supply Depot  
  74  5:37  SCV  
  74  5:38  Siege Tank  
  74  5:39  Starport Reactor, Marine x2  
  74  5:42  SCV  
  81  5:49  SCV  
  84  5:50  Marauder  
  84  5:57  Stimpack  
  84  5:58  SCV  
  84  6:00  Terran Infantry Weapons Level 1  
  84  6:01  SCV  
  84  6:02  Marine  
  84  6:03  Marine  
  88  6:05  Refinery  
  89  6:13  Marauder  
  92  6:19  Command Center  
  92  6:21  Marine, Factory Reactor  
  92  6:22  Marauder  
  92  6:23  Combat Shield  
  93  6:38  Supply Depot x2  
  93  6:45  Supply Depot, Marine  
  94  6:52  Barracks  
  94  6:53  Barracks  
  94  6:59  SCV x2, Marine  
  94  7:00  Medivac x2, Marauder x2, Widow Mine x2  
  109  7:03  Marine  
  109  7:06  Supply Depot  
  110  7:11  SCV  
  110  7:12  SCV  
  110  7:15  Supply Depot x2  
  112  7:16  Supply Depot  
  112  7:17  Marine  
  112  7:22  Widow Mine x2  
  117  7:26  Marine  
  117  7:28  Marauder  
  120  7:30  Supply Depot  
  120  7:33  Medivac, Orbital Command  
  122  7:40  Marauder  
  122  7:42  Engineering Bay, Barracks Tech Lab  
  122  7:43  Barracks Reactor  
  124  7:49  Armory, Marine x2  
  126  7:56  SCV x2  
  126  7:58  Orbital Command  
  128  7:59  Terran Infantry Armor Level 1  
  130  8:06  Marauder x3  
  130  8:08  SCV x2  
  130  8:09  Medivac x2  
  140  8:20  SCV x2  
  140  8:22  Widow Mine x2, Marine x2  
  140  8:23  Marine x2  
  150  8:34  Ghost Academy  
  150  8:36  Marauder  
  150  8:37  Marauder  
  156  8:43  Terran Infantry Weapons Level 2, Marauder  
  156  8:47  SCV x3, Refinery x2  
  159  8:50  Sensor Tower, Terran Ship Weapons Level 1  
  159  8:51  Supply Depot  
  159  9:00  Marine x3  
  166  9:04  Ghost  
  166  9:07  SCV x3  
  166  9:11  Command Center, Ghost  
  168  9:17  Bunker  
  168  9:20  Ghost  
  168  9:21  Supply Depot  
  170  9:34  Ghost  
  170  9:36  Starport  
  170  9:37  Barracks  
  172  9:41  Barracks x2  
  172  9:42  Viking  
  172  9:43  Missile Turret  
  172  9:44  Missile Turret  
  172  9:45  Viking  
  176  9:49  Ghost  
  176  9:52  Marine x4  
  182  10:02  Terran Infantry Armor Level 2  
  182  10:09  Ghost  
  182  10:13  Supply Depot, SCV x3  
  182  10:14  Supply Depot  
  187  10:20  Viking  
  189  10:23  Viking x2  
  188  10:34  Refinery, Viking  
  188  10:35  Refinery, Sensor Tower  
  190  10:43  Marauder  
  190  10:44  Marauder  
  190  10:45  Enhanced Shockwaves  
  190  10:46  Barracks Tech Lab  
  190  10:48  Barracks Tech Lab x2  
  194  10:50  Marine x2  
  194  10:52  Marine x2  
  198  11:02  Supply Depot  
  198  11:03  Missile Turret  
  198  11:08  Viking, Concussive Shells  
  198  11:09  Fusion Core  
  200  11:18  Terran Infantry Weapons Level 3  
  200  11:23  Missile Turret  
  200  11:24  Command Center  
  200  11:25  Planetary Fortress  
  196  11:36  Viking  
  198  11:44  Marauder  
  199  11:48  Terran Ship Weapons Level 2  
  196  11:58  Marauder x2  
  188  12:04  Marauder x2, Marine x2  
  188  12:05  Marauder x2, Marine  
  188  12:06  Widow Mine  
  190  12:09  Medivac x2  
  190  12:14  Medivac x2  
  188  12:16  Marine  
  188  12:18  Ghost  
  188  12:19  Marauder  
  191  12:26  Marauder x2  
  191  12:27  Widow Mine  
  197  12:31  Marine x2  
  197  12:32  Marine  
  199  12:44  Personal Cloaking  
  199  12:56  Sensor Tower  
  199  12:57  Sensor Tower  
  199  13:02  Missile Turret  
  197  13:24  Marauder, Marine x3, Ghost  
  197  13:25  Marauder x2, Marine  
  197  13:26  Liberator x4, Marauder  
  174  13:37  Marauder  
  162  13:42  Marine  
  162  13:45  Marauder  
  162  13:47  Marauder  
  162  13:48  Marauder x2, Marine x2  
  167  13:49  SCV x2  
  167  13:50  SCV x2  
  167  13:51  Planetary Fortress  
  167  13:54  Marauder  
  175  13:55  Marine  
  175  13:58  Marauder  
  175  14:01  SCV  
  175  14:02  SCV  
  180  14:05  Marine  
  180  14:08  Liberator, SCV  
  180  14:09  Liberator x2, Refinery  
  192  14:10  Refinery  
  192  14:14  SCV  
  192  14:19  Command Center  
  192  14:24  Missile Turret  
  196  14:31  Marauder, Marine  
  196  14:36  Marine  
Tags
 
Add a new tag
Caveats
  • Supply blocks, unpowered buildings, or Contaminate may cause inaccurate times.
  • Supply counts are checked every 10 seconds.